 Dungeon Crawl Stone Soup version 0.29-a0-845-g6161e89988 (webtiles) character file.

Game seed: 8151654763613357399

297503 mcwallace the Black Belt (level 20, -10/160 HPs)
             Began as a Gnoll Summoner on July 15, 2022.
             Was the Champion of Vehumet.
             Killed from afar by an acid blob (13 damage)
             ... with a splash of acid
             ... on level 5 of the Pits of Slime.
             The game lasted 04:56:28 (57346 turns).

mcwallace the Black Belt (Gnoll Summoner)          Turns: 57346, Time: 04:56:29

Health: -10/160    AC: 10    Str:  7    XL:     20   Next: 93%
Magic:  28/39      EV: 23    Int: 39    God:    Vehumet [******]
Gold:   3226       SH: 18    Dex: 15    Spells: 3/49 levels left

rFire   + . .      SeeInvis +   X - +6 short sword of Bues {vorpal, rF+ rC+ Dex+4 Stlth+, short}
rCold   + + +      Faith    .   g - +0 kite shield
rNeg    . . .      Spirit   .   L - +2 robe of Hadjma {rElec rC++ Will+}
rPois   .          Reflect  +   H - +0 hat "Puhet" {Int+9 Dex-2 SInv Stlth-}
rElec   +          Harm     .   e - +1 cloak of Starlight {*Dazzle EV+4 Stlth--}
rCorr   +          Rampage  .   J - +2 pair of gloves {infuse}
Will    ++...                   C - +2 pair of boots
Stlth   ++++......              I - amulet of reflection
HPRegen 0.36/turn               w - ring of resist corrosion
MPRegen 0.26/turn               h - +6 ring of intelligence

@: corroded, very slightly contaminated, studying Unarmed Combat
A: fangs 1, strong nose, distributed training, deformed body, screaming 1
}: 2/15 runes: decaying, gossamer
a: Renounce Religion


You were on level 5 of the Pits of Slime.
You worshipped Vehumet.
Vehumet was exalted by your worship.
You visited 7 branches of the dungeon, and saw 34 of its levels.
You also visited: Sewer.

You collected 4266 gold pieces.
You spent 1040 gold pieces at shops.


Innate Abilities, Weirdness & Mutations

You have very sharp teeth.
Your uncanny sense of smell can sniff out nearby items.
Your experience applies equally to all skills.
Armour fits poorly on your strangely shaped body.
You occasionally shout uncontrollably at your foes.


   Skills:
 + Level 14.5 Fighting
 + Level 14.5 Short Blades
 + Level 14.5 Long Blades
 + Level 14.5 Axes
 + Level 14.5 Maces & Flails
 + Level 14.5 Polearms
 + Level 14.5 Staves
 + Level 14.5 Ranged Weapons
 + Level 14.5 Throwing
 + Level 14.5 Armour
 + Level 15.2 Dodging
 + Level 15.1 Stealth
 + Level 14.5 Shields
 + Level 19.8 Unarmed Combat
 + Level 15.3 Spellcasting
 + Level 12.3 Conjurations
 + Level 12.3 Hexes
 + Level 14.1 Summonings
 + Level 12.3 Necromancy
 + Level 12.3 Translocations
 + Level 12.3 Transmutations
 + Level 12.3 Fire Magic
 + Level 12.3 Ice Magic
 + Level 12.3 Air Magic
 + Level 12.3 Earth Magic
 + Level 12.3 Poison Magic
 + Level 15.7 Invocations
 + Level 14.5 Evocations


You had 3 spell levels left.
You knew the following spells:

 Your Spells              Type           Power      Damage    Failure   Level
a - Polar Vortex          Ice            45%        N/A       95%         9
b - Maxwell's Capacitive  Air            45%        ∞         21%         8
e - Irradiate             Conj/Tmut      45%        3d26      1%          5
f - Freezing Cloud        Conj/Ice/Air   45%        6-21      1%          5
h - Lee's Rapid Deconstr  Erth           45%        3d23*     1%          5
i - Ignition              Fire           45%        3d13      21%         8
j - Summon Cactus Giant   Summ           48%        N/A       1%          6

Your spell library contained the following spells:

 Spells                   Type           Power      Damage    Failure   Level
 Lehudib's Crystal Spear  Conj/Erth      45%        10d11     21%         8
 Slow                     Hex            100%       N/A       0%          1
 Summon Small Mammal      Summ           100%       N/A       0%          1
 Call Imp                 Summ           96%        N/A       0%          2
 Sublimation of Blood     Necr           90%        N/A       1%          2
 Call Canine Familiar     Summ           96%        N/A       1%          3
 Confusing Touch          Hex            90%        N/A       1%          3
 Conjure Flame            Conj/Fire      90%        6-21      1%          3
 Dazzling Flash           Conj/Hex       100%       N/A       1%          3
 Ignite Poison            Fire/Tmut/Pois 90%        N/A       1%          3
 Portal Projectile        Hex/Tloc       100%       N/A       1%          3
 Summon Guardian Golem    Hex/Summ       93%        N/A       1%          3
 Tukima's Dance           Hex            90%        N/A       1%          3
 Vampiric Draining        Necr           90%        2d12      1%          3
 Hailstorm                Conj/Ice       90%        3d18      1%          4
 Ice Form                 Ice/Tmut       90%        N/A       1%          4
 Iskenderun's Mystic Bla  Conj/Tloc      90%        2d18      1%          4
 Petrify                  Tmut/Erth      90%        N/A       1%          4
 Sticky Flame             Conj/Fire      90%        2d10      1%          4
 Summon Lightning Spire   Summ/Air       93%        N/A       1%          4
 Blade Hands              Tmut           45%        N/A       1%          5
 Fireball                 Conj/Fire      45%        3d18      1%          5
 Summon Forest            Summ/Tloc      46%        N/A       1%          5
 Summon Mana Viper        Hex/Summ       93%        N/A       1%          5
 Conjure Ball Lightning   Conj/Air       45%        3x3d16    1%          6
 Death Channel            Necr           45%        N/A       1%          6
 Dispersal                Tloc           45%        N/A       1%          6
 Eringya's Noxious Bog    Tmut/Pois      45%        N/A       1%          6
 Simulacrum               Ice/Necr       45%        N/A       1%          6
 Starburst                Conj/Fire      45%        6d13      1%          6
 Discord                  Hex            45%        N/A       63%         8
 Disjunction              Tloc           45%        N/A       63%         8

Inventory:

Hand Weapons
 z - a +3 war axe of holy wrath {axe}
   (You took it off Urug on level 1 of the Orcish Mines)
 X - the +6 short sword of Bues (weapon) {vorpal, rF+ rC+ Dex+4 Stlth+, short}
   (You found it on level 9 of the Dungeon)

   It inflicts extra damage upon your enemies.
   Dex:       It affects your dexterity (+4).
   rF:        It protects you from fire.
   rC:        It protects you from cold.
   Stlth:     It makes you more stealthy.
Armour
 e - the +1 cloak of Starlight (worn) {*Dazzle EV+4 Stlth--}
   (You found it on level 4 of the Swamp)

   It may blind those who miss an attack against the wearer in melee combat.
   EV:        It affects your evasion (+4).
   Stlth:     It makes you much less stealthy.
 g - a +0 kite shield (worn)
   (You bought it in a shop on level 2 of the Orcish Mines)
 j - the -2 pair of gloves of Undesirable Species {+Blink Will+}
   (You found it on level 3 of the Swamp)

   +Blink:    It lets you blink.
   Will:      It increases your willpower.
 C - a +2 pair of boots (worn)
   (You found it on level 2 of the Lair of Beasts)
 H - the +0 hat "Puhet" (worn) {Int+9 Dex-2 SInv Stlth-}
   (You found it on level 3 of the Elven Halls)

   Int:       It affects your intelligence (+9).
   Dex:       It affects your dexterity (-2).
   SInv:      It lets you see invisible.
   Stlth:     It makes you less stealthy.
 J - a +2 pair of gloves of infusion (worn)
   (You bought it in a shop on level 2 of the Orcish Mines)
 L - the +2 robe of Hadjma (worn) {rElec rC++ Will+}
   (You found it on level 4 of the Dungeon)

   rC:        It greatly protects you from cold.
   rElec:     It insulates you from electricity.
   Will:      It increases your willpower.
Jewellery
 h - a +6 ring of intelligence (right hand)
   (You took it off a deep elf death mage on level 3 of the Elven Halls)
 w - a ring of resist corrosion (left hand)
   (You found it on level 4 of the Spider Nest)
 B - a ring of poison resistance
   (You took it off an orc on level 4 of the Dungeon)
 D - the ring of Eternal Night {rF+ rN+ Will+ Stlth+}
   (You took it off a deep elf annihilator on level 3 of the Elven Halls)

   [ring of protection from fire]

   rF:        It protects you from fire.
   rN:        It protects you from negative energy.
   Will:      It increases your willpower.
   Stlth:     It makes you more stealthy.
 I - an amulet of reflection (around neck)
   (You found it on level 4 of the Dungeon)
 P - a ring of wizardry
   (You took it off a deep elf high priest on level 3 of the Elven Halls)
 Q - a +4 ring of slaying
   (You found it on level 9 of the Dungeon)
Wands
 d - a wand of roots (30)
   (You found it on level 8 of the Dungeon)
 l - a wand of digging (22)
   (You found it on level 3 of the Lair of Beasts)
 t - a wand of paralysis (17)
   (You found it on level 1 of the Lair of Beasts)
 y - a wand of acid (10)
   (You found it on level 2 of the Swamp)
 K - a wand of flame (75)
   (You took it off Maurice on level 8 of the Dungeon)
 S - a wand of mindburst (10)
   (You found it on level 3 of the Lair of Beasts)
Scrolls
 c - a scroll of acquirement
 f - 4 scrolls of poison {!r}
 k - 2 scrolls of summoning
 m - 9 scrolls of teleportation {@r4}
 s - 4 scrolls of vulnerability {!r!r}
 v - 9 scrolls of enchant weapon
 x - 4 scrolls of enchant armour
 M - 7 scrolls of magic mapping {!r}
 R - 4 scrolls of fog
 T - a scroll of fear
Potions
 a - 2 potions of resistance
 b - 3 potions of magic
 i - 15 potions of curing {@q1}
 n - 4 potions of invisibility
 o - 2 potions of might
 p - 5 potions of heal wounds {@q2}
 q - 4 potions of cancellation
 u - 3 potions of berserk rage {!q}
 F - 3 potions of flight {unknown}
 O - 7 potions of lignification {!q}
 U - 16 potions of ambrosia
 V - 3 potions of mutation {unknown}
 W - 8 potions of brilliance
 Y - 4 potions of haste {unknown}
Miscellaneous
 A - a phantom mirror (inert)
   (You found it on level 6 of the Lair of Beasts)
 E - a box of beasts (inert)
   (You found it on level 9 of the Dungeon)
 G - a phial of floods
   (You found it on level 3 of the Elven Halls)
 N - a lightning rod (3/4)
   (You found it on level 3 of the Elven Halls)
 Z - a tin of tremorstones (1/2) {throwing}
   (You found it on level 3 of the Lair of Beasts)

Dungeon Overview and Level Annotations

Branches:
Dungeon (10/15) Zot: 25206  Temple (0/1) D:7            Lair (6/6) D:10 Zot: 20572
  Swamp (4/4) Lair:2 Zot: 16803  Spider (4/4) Lair:2 Zot: 13449   Slime (5/5) Lair:6 Zot: 25824
    Orc (2/2) D:9 Zot: 8871     Elf (3/3) Orc:2 Zot: 10223   Sewer (visited)

Altars:
Ashenzari
Cheibriados
Elyvilon
Fedhas
Hepliaklqana
Kikubaaqudgha
Nemelex Xobeh
Okawaru
Qazlal
Ru
Sif Muna
Trog
Uskayaw
Vehumet
Xom
Yredelemnul
Zin
Jiyva

Shops:
Orc:2 =[[([   Elf:1 (   Elf:2 *   Elf:3 :

Portals:
Trove: D:10 (give +4 shadow dragon scales)

Annotations:
D:3 3 runed translucent doors, coolguy69's ghost, amateur VSMo; zhov's ghost, weakling SpEn
Lair:1 1 runed translucent door, IdlyInterested's ghost, journeyman DsGl
Lair:2 3 runed translucent doors, Eptoer's ghost, journeyman MfBe
Lair:4 3 runed translucent doors, Beilucy's ghost, journeyman FoFi
Spider:1 Roxanne

##### ### #.#.###
####.########.....####
##.##..#..............##
##..............J.......####
##.............@.JJ.........#.#
##............................^#
#.............................#
##..............................
##..............................
...<...........J................
................................
................J...............
................................


You could see 3 acid blobs, an azure jelly and a rockslime (wandering).


Message History

The burst of rock shards engulfs the rockslime but does no damage.
The burst of rock shards engulfs your mature weirdsting beast!
The burst of rock shards engulfs the azure jelly!
The burst of rock shards engulfs your cactus giant!
The burst of rock shards engulfs the acid blob!!
The burst of rock shards engulfs the quicksilver ooze!
The burst of rock shards engulfs your Royal Jelly!
The burst of rock shards engulfs the rockslime but does no damage. x2
The burst of rock shards engulfs your mature weirdsting beast!
You kill your mature weirdsting beast!
Your mature weirdsting beast's corpse disappears in a puff of smoke!
The burst of rock shards engulfs your cactus giant!!
The burst of rock shards engulfs the quicksilver ooze!
The burst of rock shards engulfs your cactus giant!!
The burst of rock shards engulfs the rockslime but does no damage.
The burst of rock shards engulfs the azure jelly!
The burst of rock shards engulfs the acid blob!
The burst of rock shards engulfs you!
The burst of rock shards engulfs the rockslime!
Your Royal Jelly shimmers and vanishes!
Your cactus giant disappears in a puff of smoke!
You block the quicksilver ooze's attack.
The quicksilver ooze barely misses you. The acid blob hits you!
You are splashed with acid.
You resist. The rockslime hits you!!
* * * LOW HITPOINT WARNING * * *
You stumble backwards! 😨 HP[-54] MP[+1]
You take 54 damage, and now have 74/160 hp.
MASSIVE DAMAGE!! (PAUSE)
Aiming: Thunderbolt
Press: ? - help, Q - select action, (/) - cycle Shift-Dir - straight line The thunderbolt hits the acid blob! x2
The thunderbolt hits the quicksilver ooze!
You kill the quicksilver ooze!
That felt strangely unrewarding.
The rockslime misses you. 😨 HP[+1] Read: 3 scrolls of fear
Press: ? - help, Q - select action, (/) - cycle Dir - look around, f - activate
As you read the scroll of fear, it crumbles to dust.
You assume a fearsome visage.
The rockslime looks frightened!
The acid blob resists with almost no effort.
The azure jelly looks frightened!
The acid blob resists with almost no effort.
The acid blob resists with almost no effort.
The azure jelly looks frightened!
The rockslime resists with some effort.
The acid blob attacks as you move away! You block the acid blob's attack.
The acid blob spits acid at you. The splash of acid hits you! You resist.
* * * LOW HITPOINT WARNING * * *
The acid blob jiggles. 😨 HP[-8]
You take 8 damage, and now have 67/160 hp.
Read: 2 scrolls of fear
Press: ? - help, Q - select action, (/) - cycle Dir - look around, f - activate Look: an acid blob (lightly wounded, chance to affect: 6%)
As you read the scroll of fear, it crumbles to dust.
You assume a fearsome visage.
The acid blob resists with almost no effort. x3
The rockslime looks frightened!
You block the acid blob's attack.
The acid blob barely misses you. 😨 HP[+1] MP[+1]
The acid blob attacks as you move away! You block the acid blob's attack.
The rockslime is no longer covered in acid.
The acid blob spits acid at you. The splash of acid hits you. You resist.
* * * LOW HITPOINT WARNING * * *
😨 HP[-3]
You take 3 damage, and now have 65/160 hp.
You block the acid blob's attack. 😨 HP[+1]
The acid blob spits acid at you. The splash of acid hits you! You resist.
* * * LOW HITPOINT WARNING * * *
The acid blob spits acid at you. The splash of acid hits you. You resist.
* * * LOW HITPOINT WARNING * * *
The acid corrodes you! 😨 HP[-18]
You take 18 damage, and now have 48/160 hp.
The acid blob attacks as you move away! The acid blob closely misses you.
The acid blob attacks as you move away! The acid blob hits you!!
* * * LOW HITPOINT WARNING * * *
You are splashed with acid.
You resist.
* * * LOW HITPOINT WARNING * * *
The azure jelly seems to regain its courage.
The rockslime seems to regain its courage.
The acid blob spits acid at you. The splash of acid hits you! You resist.
* * * LOW HITPOINT WARNING * * *
The acid corrodes you! The acid blob spits acid at you.
The splash of acid hits you. You resist.
* * * LOW HITPOINT WARNING * * *
A rockslime comes into view.
The acid blob spits acid at you. The splash of acid hits you! You resist.
You die...

Skill      XL: |  1  2  3  4  5  6  7  8  9 10 11 12 13 14 15 16 17 18 19 20 |
---------------+-------------------------------------------------------------+-----
Spellcasting   | 5 6 7 8 9 10 11 12 13 14 15 | 15.3
Invocations    | 1 2 3 4 5 6 7 8 10 11 12 13 14 15 | 15.7
Fighting       | 1 2 3 5 6 7 8 9 10 11 12 13 14 | 14.5
Short Blades   | 1 2 3 5 6 7 8 9 10 11 12 13 14 | 14.5
Long Blades    | 1 2 3 5 6 7 8 9 10 11 12 13 14 | 14.5
Axes           | 1 2 3 5 6 7 8 9 10 11 12 13 14 | 14.5
Maces & Flails | 1 2 3 5 6 7 8 9 10 11 12 13 14 | 14.5
Polearms       | 1 2 3 5 6 7 8 9 10 11 12 13 14 | 14.5
Staves         | 1 2 3 5 6 7 8 9 10 11 12 13 14 | 14.5
Ranged Weapons | 1 2 3 5 6 7 8 9 10 11 12 13 14 | 14.5
Throwing       | 1 2 3 5 6 7 8 9 10 11 12 13 14 | 14.5
Armour         | 1 2 3 5 6 7 8 9 10 11 12 13 14 | 14.5
Shields        | 1 2 3 5 6 7 8 9 10 11 12 13 14 | 14.5
Unarmed Combat | 1 2 3 5 6 8 9 11 12 13 14 16 17 18 19 | 19.8
Evocations     | 1 2 3 5 6 7 8 9 10 11 12 13 14 | 14.5
Conjurations   | 1 2 3 4 5 6 7 8 9 10 11 12 | 12.3
Hexes          | 1 2 3 4 5 6 7 8 9 10 11 12 | 12.3
Necromancy     | 1 2 3 4 5 6 7 8 9 10 11 12 | 12.3
Translocations | 1 2 3 4 5 6 7 8 9 10 11 12 | 12.3
Transmutations | 1 2 3 4 5 6 7 8 9 10 11 12 | 12.3
Fire Magic     | 1 2 3 4 5 6 7 8 9 10 11 12 | 12.3
Ice Magic      | 1 2 3 4 5 6 7 8 9 10 11 12 | 12.3
Air Magic      | 1 2 3 4 5 6 7 8 9 10 11 12 | 12.3
Earth Magic    | 1 2 3 4 5 6 7 8 9 10 11 12 | 12.3
Poison Magic   | 1 2 3 4 5 6 7 8 9 10 11 12 | 12.3
Dodging        | 5 6 7 8 9 10 11 12 13 14 15 | 15.2
Stealth        | 5 6 7 8 9 10 11 12 13 14 15 | 15.1
Summonings     | 8 9 10 11 12 13 14 | 14.1

Action                   |  1- 3 |  4- 6 |  7- 9 | 10-12 | 13-15 | 16-18 | 19-21 || total
-------------------------+-------+-------+-------+-------+-------+-------+-------++-------
Melee: Short sword       |    54 |    20 |       |   367 |   536 |   619 |   506 ||  2102
       Unarmed           |     2 |       |       |       |       |       |       ||     2
       Bite              |     2 |     5 |    27 |    80 |   103 |   103 |   101 ||   421
       Spear             |       |    87 |   338 |       |       |       |       ||   425
       Punch             |       |       |    13 |       |       |       |       ||    13
       Halberd           |       |       |     7 |    36 |       |       |       ||    43
 Cast: Summon Small Mamm |    53 |     6 |       |       |       |       |       ||    59
       Call Canine Famil |       |    14 |    35 |    37 |    44 |    20 |     1 ||   151
       Summon Guardian G |       |       |     9 |     9 |    23 |    10 |       ||    51
       Summon Lightning  |       |       |     4 |    42 |    70 |    60 |     2 ||   178
       Irradiate         |       |       |       |     2 |    34 |    86 |    62 ||   184
       Freezing Cloud    |       |       |       |       |    73 |   273 |    99 ||   445
       Fireball          |       |       |       |       |    13 |    15 |       ||    28
       Lee's Rapid Decon |       |       |       |       |       |    13 |    15 ||    28
       Summon Cactus Gia |       |       |       |       |       |       |    30 ||    30
       Ignition          |       |       |       |       |       |       |     7 ||     7
Evoke: Wand              |       |       |       |     2 |     8 |     7 |       ||    17
       Box of beasts     |       |       |       |     1 |     2 |     4 |     2 ||     9
       Phantom mirror    |       |       |       |       |       |     4 |     1 ||     5
       Tin of tremorston |       |       |       |       |       |     2 |     4 ||     6
       Lightning rod     |       |       |       |       |       |       |     1 ||     1
  Use: Scroll            |       |       |     6 |     9 |     8 |     9 |    11 ||    43
       Potion            |       |       |       |     3 |       |     6 |     2 ||    11
 Stab: Sleeping          |     2 |     1 |    10 |     3 |       |       |       ||    16
       Distracted        |       |     1 |     2 |     9 |     8 |    11 |     2 ||    33
       Paralysed         |       |       |       |       |     2 |     1 |       ||     3
       Invisible         |       |       |       |       |       |     3 |     9 ||    12
Armor: Robe              |     9 |     5 |       |    34 |    91 |   160 |    79 ||   378
       Troll leather arm |       |    13 |    52 |    50 |       |       |       ||   115
Dodge: Dodged            |    67 |    80 |   115 |   233 |   291 |   312 |   250 ||  1348
Block: Other             |       |       |    61 |    14 |       |       |       ||    75
       Orb               |       |       |       |    62 |    54 |       |       ||   116
       Reflection        |       |       |       |     3 |     1 |    23 |    32 ||    59
       Kite shield       |       |       |       |       |   169 |   468 |   391 ||  1028

Levels and vault maps discovered:
D:1:      psy_arrival_terrarium, layout_basic
D:2:      layout_loops_ring
D:3:      layout_basic, nicolae_sif_muna_little_library,
          gammafunk_ghost_cemetery
D:4:      layout_loops_ring, nicolae_ru_the_path_less_chosen,
          gammafunk_temple_overflow_elements, portal_sewer_entry_f,
          minivault_14, minmay_manual_mess, uniq_grinder, uniq_duvessa
D:5:      layout_basic, amethyst_overflow_temple_binary, uniq_sigmund
D:6:      corexii_shantytown, layout_basic, mainiacjoe_overflow_chevrons,
          nicolae_qazlal_eye_of_the_storm, dk_vineyard_3,
          minmay_tree_intersection
D:7:      layout_basic, mainiacjoe_overflow_cross_hatched,
          minmay_temple_entry_sparse_star
D:8:      layout_basic, uniq_maurice
D:9:      layout_basic, orc_0_dummy
D:10:     layout_loops_corners, trog_three_pillars_becter,
          chequers_temple_overflow_minitemple, minmay_lair_entry_grove,
          nicolae_trove_entry_columns, minmay_nine_imps
Lair:1:   layout_misc_corridors, ebering_ghost_xom, beast_lair_carwin_1
Lair:2:   lemuel_ratsnest, layout_small_grid, minmay_swamp_entry_worms,
          nicolae_spider_entry_orb_guardian, gammafunk_ghost_necromancy,
          basic_altar, chequers_serial_rivers_small_a, uniq_fannar, uniq_harold,
          uniq_amaemon
Lair:3:   layout_loops_ring, grunt_megastairs_4
Lair:4:   layout_layer_cave, gammafunk_ghost_ooze
Lair:5:   layout_long_grid
Lair:6:   wormcave, layout_layer_cave, hangedman_lair_in_review,
          minmay_slime_entry_oklob_enclosed
Swamp:1:  layout_basic_swamp, evilmike_swamp_ruin_house_3
Swamp:2:  layout_basic_swamp, evilmike_swamp_ruin_house_2, swamp_pool3,
          nicolae_swamp_stuck_in_the_mud
Swamp:3:  nicolae_swamp_secret_spriggan_hideout, layout_basic_swamp,
          nicolae_swamp_big_swirl, uniq_louise
Swamp:4:  swamp, layout_basic_swamp, swamp_pool5, uniq_aizul
Spider:1: layout_spider_delve, nicolae_spider_nook, uniq_agnes, uniq_roxanne
Spider:2: layout_spider_delve, drop_trap
Spider:3: layout_spider_delve, spiders_nest_the_unseen
Spider:4: grunt_spider_rune_island, special_room [special_room_bee],
          nicolae_spider_nooks_and_crannies
Slime:1:  layout_caves
Slime:2:  layout_caves
Slime:3:  layout_caves
Slime:4:  layout_caves
Slime:5
Orc:1:    layout_diamond_mine, serial_shops, shop,
          nicolae_shop_overcharged_wands, uniq_urug
Orc:2:    hellmonk_orc_salted, layout_caves, serial_shops,
          nicolae_shop_overgrown_old_shop
Elf:1:    eino_elf_arrival_shootout, layout_loops_corners, serial_shops, shop,
          kennysheep_underground_church
Elf:2:    nicolae_elf_blades_crystal_corner, layout_onion_city, st_stairs_11,
          nicolae_shop_sticking_my_neck_out
Elf:3:    grunt_elf_hall_diamonds, layout_geoelf_grid, serial_shops, shop,
          basic_altar, minmay_misc_feat_pillars

Notes
Turn   | Place    | Note
-------+----------+-------------------------------------------
     0 | D:1      | mcwallace the Gnoll Summoner began the quest for the Orb.
     0 | D:1      | Reached XP level 1. HP: 13/13 MP: 6/6
     0 | D:1      | magus.rc [v1.9.6]
    31 | D:1      | HP: 3/13 [kobold/+0 short sword (4)]
    36 | D:1      | HP: 1/13 [kobold/+0 short sword (2)]
    52 | D:1      | HP: 1/13 [kobold/+0 short sword (1)]
   546 | D:1      | Reached XP level 2. HP: 15/19 MP: 4/7
  1659 | D:2      | Reached skill level 5 in Spellcasting
  1659 | D:2      | Reached XP level 3. HP: 22/25 MP: 5/9
  1899 | D:2      | Reached skill level 1 in Invocations
  2057 | D:2      | Reached skill level 1 in Fighting
  2057 | D:2      | Reached skill level 1 in Short Blades
  2057 | D:2      | Reached skill level 1 in Long Blades
  2057 | D:2      | Reached skill level 1 in Axes
  2057 | D:2      | Reached skill level 1 in Maces & Flails
  2057 | D:2      | Reached skill level 1 in Polearms
  2057 | D:2      | Reached skill level 1 in Staves
  2057 | D:2      | Reached skill level 1 in Ranged Weapons
  2057 | D:2      | Reached skill level 1 in Throwing
  2057 | D:2      | Reached skill level 1 in Armour
  2057 | D:2      | Reached skill level 1 in Shields
  2057 | D:2      | Reached skill level 1 in Unarmed Combat
  2057 | D:2      | Reached skill level 1 in Evocations
  2510 | D:3      | Found a shimmering blue altar of Sif Muna.
  2592 | D:3      | Reached XP level 4. HP: 32/32 MP: 9/11
  2846 | D:3      | Found a runed translucent gate.
  2846 | D:3      | Found a runed translucent gate.
  2846 | D:3      | Found a runed translucent gate.
  2855 | D:3      | Noticed zhov's ghost (weakling SpEn)
  2855 | D:3      | Noticed coolguy69's ghost (amateur VSMo)
  2899 | D:3      | Learned a level 3 spell: Call Canine Familiar
  2907 | D:4      | Noticed a bullfrog
  2920 | D:4      | Killed a bullfrog
  2921 | D:4      | Reached skill level 1 in Conjurations
  2921 | D:4      | Reached skill level 1 in Hexes
  2921 | D:4      | Reached skill level 1 in Necromancy
  2921 | D:4      | Reached skill level 1 in Translocations
  2921 | D:4      | Reached skill level 1 in Transmutations
  2921 | D:4      | Reached skill level 1 in Fire Magic
  2921 | D:4      | Reached skill level 1 in Ice Magic
  2921 | D:4      | Reached skill level 1 in Air Magic
  2921 | D:4      | Reached skill level 1 in Earth Magic
  2921 | D:4      | Reached skill level 1 in Poison Magic
  2921 | D:4      | Reached XP level 5. HP: 31/37 MP: 7/12
  2991 | D:4      | HP: 7/38 [gnoll/+0 flail (7)]
  3070 | D:4      | Found a glowing drain.
  3088 | Sewer    | Entered a sewer
  3363 | Sewer    | Noticed Pargi
  3385 | Sewer    | Killed Pargi
  3386 | Sewer    | Reached skill level 2 in Fighting
  3386 | Sewer    | Reached skill level 2 in Short Blades
  3386 | Sewer    | Reached skill level 2 in Long Blades
  3386 | Sewer    | Reached skill level 2 in Axes
  3386 | Sewer    | Reached skill level 2 in Maces & Flails
  3386 | Sewer    | Reached skill level 2 in Polearms
  3386 | Sewer    | Reached skill level 2 in Staves
  3386 | Sewer    | Reached skill level 2 in Ranged Weapons
  3386 | Sewer    | Reached skill level 2 in Throwing
  3386 | Sewer    | Reached skill level 2 in Armour
  3386 | Sewer    | Reached skill level 5 in Dodging
  3386 | Sewer    | Reached skill level 2 in Shields
  3386 | Sewer    | Reached skill level 2 in Unarmed Combat
  3386 | Sewer    | Reached skill level 2 in Invocations
  3386 | Sewer    | Reached skill level 2 in Evocations
  3386 | Sewer    | Reached XP level 6. HP: 21/44 MP: 11/14
  3669 | D:4      | Noticed a sky beast
  3689 | D:4      | Killed a sky beast
  4018 | D:4      | You pick up a book of Spectacle and begin reading...
  4018 | D:4      | You add the spells Dazzling Flash, Iskenderun's Mystic
                  | Blast and Starburst to your library.
  4046 | D:4      | Noticed Grinder
  4058 | D:4      | Paralysed by Grinder for 5 turns
  4090 | D:4      | Killed Grinder
  4091 | D:4      | Reached skill level 2 in Conjurations
  4091 | D:4      | Reached skill level 2 in Hexes
  4091 | D:4      | Reached skill level 2 in Necromancy
  4091 | D:4      | Reached skill level 2 in Translocations
  4091 | D:4      | Reached skill level 2 in Transmutations
  4091 | D:4      | Reached skill level 2 in Fire Magic
  4091 | D:4      | Reached skill level 2 in Ice Magic
  4091 | D:4      | Reached skill level 2 in Air Magic
  4091 | D:4      | Reached skill level 2 in Earth Magic
  4091 | D:4      | Reached skill level 2 in Poison Magic
  4091 | D:4      | Reached XP level 7. HP: 51/51 MP: 10/15
  4232 | D:4      | Reached skill level 5 in Stealth
  4232 | D:4      | Reached skill level 3 in Unarmed Combat
  4232 | D:4      | Reached skill level 3 in Invocations
  4237 | D:4      | Learned a level 3 spell: Summon Guardian Golem
  4444 | D:4      | Noticed Duvessa
  4447 | D:4      | Noticed Dowan
  4456 | D:4      | Killed Duvessa
  4522 | D:4      | Found a radiant altar of Vehumet.
  4522 | D:4      | Found a white marble altar of Elyvilon.
  4539 | D:4      | Found a sacrificial altar of Ru.
  4574 | D:4      | Killed Dowan
  4655 | D:4      | Identified the +2 robe of Hadjma {rElec rC++ Will+}
  4757 | D:5      | Entered Level 5 of the Dungeon
  4888 | D:5      | Reached skill level 3 in Fighting
  4888 | D:5      | Reached skill level 3 in Short Blades
  4888 | D:5      | Reached skill level 3 in Long Blades
  4888 | D:5      | Reached skill level 3 in Axes
  4888 | D:5      | Reached skill level 3 in Maces & Flails
  4888 | D:5      | Reached skill level 3 in Polearms
  4888 | D:5      | Reached skill level 3 in Staves
  4888 | D:5      | Reached skill level 3 in Ranged Weapons
  4888 | D:5      | Reached skill level 3 in Throwing
  4888 | D:5      | Reached skill level 3 in Armour
  4888 | D:5      | Reached skill level 3 in Shields
  4888 | D:5      | Reached skill level 3 in Evocations
  4888 | D:5      | Reached XP level 8. HP: 58/58 MP: 13/16
  4927 | D:5      | Reached skill level 6 in Spellcasting
  5096 | D:5      | Reached skill level 4 in Unarmed Combat
  5099 | D:5      | Noticed Sigmund
  5134 | D:5      | Killed Sigmund
  5263 | D:5      | Reached skill level 4 in Invocations
  5282 | D:5      | Reached skill level 3 in Conjurations
  5282 | D:5      | Reached skill level 3 in Hexes
  5282 | D:5      | Reached skill level 3 in Necromancy
  5282 | D:5      | Reached skill level 3 in Translocations
  5282 | D:5      | Reached skill level 3 in Transmutations
  5282 | D:5      | Reached skill level 3 in Fire Magic
  5282 | D:5      | Reached skill level 3 in Ice Magic
  5282 | D:5      | Reached skill level 3 in Air Magic
  5282 | D:5      | Reached skill level 3 in Earth Magic
  5282 | D:5      | Reached skill level 3 in Poison Magic
  5474 | D:5      | Found a sparkling altar of Nemelex Xobeh.
  5474 | D:5      | Found a hazy altar of Hepliaklqana.
  5536 | D:6      | Reached skill level 6 in Dodging
  5776 | D:6      | Reached skill level 5 in Unarmed Combat
  5846 | D:6      | Found a basalt altar of Yredelemnul.
  5911 | D:6      | Reached XP level 9. HP: 65/65 MP: 16/18
  5935 | D:6      | Reached skill level 4 in Fighting
  5935 | D:6      | Reached skill level 4 in Short Blades
  5935 | D:6      | Reached skill level 4 in Long Blades
  5935 | D:6      | Reached skill level 4 in Axes
  5935 | D:6      | Reached skill level 4 in Maces & Flails
  5935 | D:6      | Reached skill level 4 in Polearms
  5935 | D:6      | Reached skill level 4 in Staves
  5935 | D:6      | Reached skill level 4 in Ranged Weapons
  5935 | D:6      | Reached skill level 4 in Throwing
  5935 | D:6      | Reached skill level 4 in Armour
  5935 | D:6      | Reached skill level 4 in Shields
  5935 | D:6      | Reached skill level 4 in Evocations
  5993 | D:6      | Found a stormy altar of Qazlal.
  6302 | D:6      | Reached skill level 6 in Stealth
  6302 | D:6      | Reached skill level 8 in Summonings
  6875 | D:4      | Became a worshipper of Vehumet
  6964 | D:7      | Found a staircase to the Ecumenical Temple.
  7015 | D:7      | Found a glowing silver altar of Zin.
  7299 | D:7      | Reached skill level 6 in Unarmed Combat
  7614 | D:7      | Reached skill level 5 in Invocations
  7886 | D:7      | Learned a level 4 spell: Summon Lightning Spire
  8043 | D:8      | Reached skill level 7 in Spellcasting
  8044 | D:8      | Reached skill level 4 in Conjurations
  8044 | D:8      | Reached skill level 4 in Hexes
  8044 | D:8      | Reached skill level 4 in Necromancy
  8044 | D:8      | Reached skill level 4 in Translocations
  8044 | D:8      | Reached skill level 4 in Transmutations
  8044 | D:8      | Reached skill level 4 in Fire Magic
  8044 | D:8      | Reached skill level 4 in Ice Magic
  8044 | D:8      | Reached skill level 4 in Air Magic
  8044 | D:8      | Reached skill level 4 in Earth Magic
  8044 | D:8      | Reached skill level 4 in Poison Magic
  8356 | D:8      | Noticed Maurice
  8378 | D:8      | Killed Maurice
  8379 | D:8      | Reached skill level 5 in Fighting
  8379 | D:8      | Reached skill level 5 in Short Blades
  8379 | D:8      | Reached skill level 5 in Long Blades
  8379 | D:8      | Reached skill level 5 in Axes
  8379 | D:8      | Reached skill level 5 in Maces & Flails
  8379 | D:8      | Reached skill level 5 in Polearms
  8379 | D:8      | Reached skill level 5 in Staves
  8379 | D:8      | Reached skill level 5 in Ranged Weapons
  8379 | D:8      | Reached skill level 5 in Throwing
  8379 | D:8      | Reached skill level 5 in Armour
  8379 | D:8      | Reached skill level 5 in Shields
  8379 | D:8      | Reached skill level 5 in Evocations
  8379 | D:8      | Reached XP level 10. HP: 68/74 MP: 13/20
  8676 | D:9      | Noticed a two-headed ogre
  8716 | D:9      | Killed a two-headed ogre
  8717 | D:9      | Reached skill level 7 in Dodging
  8717 | D:9      | Reached skill level 7 in Unarmed Combat
  9150 | D:9      | Found a staircase to the Orcish Mines.
  9270 | D:9      | Reached * piety under Vehumet
  9270 | D:9      | Offered knowledge of Freeze by Vehumet.
  9321 | D:9      | HP: 18/74 [steam dragon] (6)]
  9322 | D:9      | HP: 4/74 [steam dragon/ball of steam (17)]
  9328 | D:9      | Reached skill level 6 in Invocations
  9564 | D:9      | Identified the +6 short sword of Bues {vorpal, rF+ rC+
                  | Dex+4 Stlth+}
  9664 | D:9      | Reached skill level 7 in Stealth
  9895 | D:10     | Entered Level 10 of the Dungeon
 10054 | D:10     | Found a staircase to the Lair.
 10079 | D:10     | Reached skill level 8 in Unarmed Combat
 10164 | D:10     | Reached skill level 6 in Fighting
 10164 | D:10     | Reached skill level 6 in Short Blades
 10164 | D:10     | Reached skill level 6 in Long Blades
 10164 | D:10     | Reached skill level 6 in Axes
 10164 | D:10     | Reached skill level 6 in Maces & Flails
 10164 | D:10     | Reached skill level 6 in Polearms
 10164 | D:10     | Reached skill level 6 in Staves
 10164 | D:10     | Reached skill level 6 in Ranged Weapons
 10164 | D:10     | Reached skill level 6 in Throwing
 10164 | D:10     | Reached skill level 6 in Armour
 10164 | D:10     | Reached skill level 6 in Shields
 10164 | D:10     | Reached skill level 5 in Conjurations
 10164 | D:10     | Reached skill level 5 in Hexes
 10164 | D:10     | Reached skill level 5 in Necromancy
 10164 | D:10     | Reached skill level 5 in Translocations
 10164 | D:10     | Reached skill level 5 in Transmutations
 10164 | D:10     | Reached skill level 5 in Fire Magic
 10164 | D:10     | Reached skill level 5 in Ice Magic
 10164 | D:10     | Reached skill level 5 in Air Magic
 10164 | D:10     | Reached skill level 5 in Earth Magic
 10164 | D:10     | Reached skill level 5 in Poison Magic
 10164 | D:10     | Reached skill level 6 in Evocations
 10201 | D:10     | Reached XP level 11. HP: 81/81 MP: 22/22
 10235 | D:10     | Reached skill level 8 in Spellcasting
 10258 | D:10     | Found a bloodstained altar of Trog.
 10779 | D:10     | Found a snail-covered altar of Cheibriados.
 10779 | D:10     | Found a broken altar of Ashenzari.
 10786 | D:10     | Found a blossoming altar of Fedhas.
 10788 | D:10     | Found a hide-covered altar of Uskayaw.
 10790 | D:10     | Found an iron altar of Okawaru.
 10877 | D:10     | Noticed a two-headed ogre
 10888 | D:10     | Killed a two-headed ogre
 10889 | D:10     | Reached skill level 9 in Summonings
 10889 | D:10     | Reached skill level 7 in Invocations
 10983 | D:10     | Found a portal to a secret trove of treasure.
 10989 | D:10     | This trove needs +4 shadow dragon scales to function. Give
                  | it the item?
 11142 | Lair:1   | Entered Level 1 of the Lair of Beasts
 11162 | Lair:1   | Reached skill level 8 in Dodging
 11201 | Lair:1   | Offered knowledge of Foxfire by Vehumet.
 11204 | Lair:1   | Reached ** piety under Vehumet
 11205 | Lair:1   | Reached skill level 9 in Unarmed Combat
 11480 | Lair:1   | Found a runed translucent door.
 11484 | Lair:1   | Found a shimmering altar of Xom.
 11484 | Lair:1   | Noticed IdlyInterested's ghost (journeyman DsGl)
 11485 | Lair:1   | Noticed a +1 broad axe of chaos
 11494 | Lair:1   | Reached skill level 8 in Stealth
 12035 | Lair:2   | Noticed Fannar
 12063 | Lair:2   | Killed Fannar
 12330 | Lair:2   | Reached skill level 7 in Fighting
 12330 | Lair:2   | Reached skill level 7 in Short Blades
 12330 | Lair:2   | Reached skill level 7 in Long Blades
 12330 | Lair:2   | Reached skill level 7 in Axes
 12330 | Lair:2   | Reached skill level 7 in Maces & Flails
 12330 | Lair:2   | Reached skill level 7 in Polearms
 12330 | Lair:2   | Reached skill level 7 in Staves
 12330 | Lair:2   | Reached skill level 7 in Ranged Weapons
 12330 | Lair:2   | Reached skill level 7 in Throwing
 12330 | Lair:2   | Reached skill level 7 in Armour
 12330 | Lair:2   | Reached skill level 7 in Shields
 12330 | Lair:2   | Reached skill level 7 in Evocations
 12559 | Lair:2   | Reached XP level 12. HP: 84/91 MP: 17/24
 12615 | Lair:2   | Reached skill level 10 in Unarmed Combat
 12617 | Lair:2   | Found a staircase to the Swamp.
 12697 | Lair:2   | Reached skill level 6 in Conjurations
 12697 | Lair:2   | Reached skill level 6 in Hexes
 12697 | Lair:2   | Reached skill level 6 in Necromancy
 12697 | Lair:2   | Reached skill level 6 in Translocations
 12697 | Lair:2   | Reached skill level 6 in Transmutations
 12697 | Lair:2   | Reached skill level 6 in Fire Magic
 12697 | Lair:2   | Reached skill level 6 in Ice Magic
 12697 | Lair:2   | Reached skill level 6 in Air Magic
 12697 | Lair:2   | Reached skill level 6 in Earth Magic
 12697 | Lair:2   | Reached skill level 6 in Poison Magic
 12728 | Lair:2   | Found a runed translucent gate.
 12734 | Lair:2   | Noticed a seven-headed hydra
 12743 | Lair:2   | Killed a seven-headed hydra
 12744 | Lair:2   | Reached skill level 8 in Invocations
 12979 | Lair:2   | Reached skill level 9 in Spellcasting
 13110 | Lair:2   | Found a shimmering altar of Xom.
 13154 | Lair:2   | HP: 19/91 [komodo dragon (30)]
 13624 | Lair:2   | Found a hole to the Spider Nest.
 13668 | Lair:2   | Offered knowledge of Poisonous Vapours by Vehumet.
 13724 | Lair:2   | Noticed Harold
 13724 | Lair:2   | Noticed Amaemon
 13774 | Lair:2   | Killed Harold
 13818 | Lair:2   | Killed Amaemon
 13819 | Lair:2   | Reached skill level 9 in Dodging
 14129 | Lair:2   | Reached *** piety under Vehumet
 14473 | Lair:2   | Offered knowledge of Mephitic Cloud by Vehumet.
 14813 | Lair:2   | Found a runed translucent gate.
 14813 | Lair:2   | Found a runed translucent gate.
 14816 | Lair:2   | Noticed Eptoer's ghost (journeyman MfBe)
 16012 | Lair:4   | Reached skill level 9 in Stealth
 16086 | Lair:4   | Reached skill level 11 in Unarmed Combat
 16117 | Lair:4   | Reached skill level 8 in Fighting
 16117 | Lair:4   | Reached skill level 8 in Short Blades
 16117 | Lair:4   | Reached skill level 8 in Long Blades
 16117 | Lair:4   | Reached skill level 8 in Axes
 16117 | Lair:4   | Reached skill level 8 in Maces & Flails
 16117 | Lair:4   | Reached skill level 8 in Polearms
 16117 | Lair:4   | Reached skill level 8 in Staves
 16117 | Lair:4   | Reached skill level 8 in Ranged Weapons
 16117 | Lair:4   | Reached skill level 8 in Throwing
 16117 | Lair:4   | Reached skill level 8 in Armour
 16117 | Lair:4   | Reached skill level 8 in Shields
 16117 | Lair:4   | Reached skill level 8 in Evocations
 16119 | Lair:4   | You pick up a book of Alchemy and begin reading...
 16119 | Lair:4   | You add the spells Sublimation of Blood, Petrify and
                  | Irradiate to your library.
 16126 | Lair:4   | Learned a level 5 spell: Irradiate
 16381 | Lair:4   | Reached XP level 13. HP: 41/98 MP: 17/26
 16454 | Lair:4   | Reached **** piety under Vehumet
 16682 | Lair:4   | Found a runed translucent gate.
 16682 | Lair:4   | Found a runed translucent gate.
 16682 | Lair:4   | Found a runed translucent gate.
 16682 | Lair:4   | Noticed a rockslime
 16682 | Lair:4   | Noticed an azure jelly
 16683 | Lair:4   | Noticed an acid blob
 16683 | Lair:4   | Noticed an acid blob
 16683 | Lair:4   | Noticed Beilucy's ghost (journeyman FoFi)
 16683 | Lair:4   | Noticed an acid blob
 16683 | Lair:4   | Noticed an acid blob
 16684 | Lair:4   | Noticed an acid blob
 16716 | Lair:4   | Reached skill level 9 in Invocations
 16773 | Lair:4   | Reached skill level 10 in Summonings
 17146 | Lair:4   | Offered knowledge of Sticky Flame by Vehumet.
 17242 | Lair:4   | You fall into a shaft and drop 2 floors!
 17242 | Lair:6   | Entered Level 6 of the Lair of Beasts
 17263 | Lair:6   | Reached skill level 7 in Conjurations
 17263 | Lair:6   | Reached skill level 7 in Hexes
 17263 | Lair:6   | Reached skill level 7 in Necromancy
 17263 | Lair:6   | Reached skill level 7 in Translocations
 17263 | Lair:6   | Reached skill level 7 in Transmutations
 17263 | Lair:6   | Reached skill level 7 in Fire Magic
 17263 | Lair:6   | Reached skill level 7 in Ice Magic
 17263 | Lair:6   | Reached skill level 7 in Air Magic
 17263 | Lair:6   | Reached skill level 7 in Earth Magic
 17263 | Lair:6   | Reached skill level 7 in Poison Magic
 17608 | Lair:4   | Reached skill level 10 in Spellcasting
 18234 | Lair:4   | Found a viscous altar of Jiyva.
 18533 | Lair:5   | Reached skill level 12 in Unarmed Combat
 18673 | Lair:5   | Identified the +1 chain mail of Yesterday {rPois MP+9 Int+3
                  | Dex-2}
 19067 | Lair:6   | You pick up a book of Chaos and begin reading...
 19067 | Lair:6   | You add the spells Conjure Ball Lightning, Disjunction and
                  | Discord to your library.
 19109 | Lair:6   | Found a runed translucent door.
 19109 | Lair:6   | Noticed a fire dragon
 19198 | Lair:6   | Reached skill level 10 in Dodging
 19537 | Lair:6   | Reached skill level 9 in Fighting
 19537 | Lair:6   | Reached skill level 9 in Short Blades
 19537 | Lair:6   | Reached skill level 9 in Long Blades
 19537 | Lair:6   | Reached skill level 9 in Axes
 19537 | Lair:6   | Reached skill level 9 in Maces & Flails
 19537 | Lair:6   | Reached skill level 9 in Polearms
 19537 | Lair:6   | Reached skill level 9 in Staves
 19537 | Lair:6   | Reached skill level 9 in Ranged Weapons
 19537 | Lair:6   | Reached skill level 9 in Throwing
 19537 | Lair:6   | Reached skill level 9 in Armour
 19537 | Lair:6   | Reached skill level 9 in Shields
 19537 | Lair:6   | Reached skill level 9 in Evocations
 19687 | Lair:6   | Reached skill level 10 in Stealth
 19815 | Lair:6   | Reached ***** piety under Vehumet
 19815 | Lair:6   | Offered knowledge of Freezing Cloud by Vehumet.
 20215 | Lair:6   | Reached skill level 10 in Invocations
 20215 | Lair:6   | Reached XP level 14. HP: 101/108 MP: 25/28
 20246 | Lair:6   | Learned a level 5 spell: Freezing Cloud
 20675 | Lair:6   | Noticed a dire elephant
 20683 | Lair:6   | Killed a dire elephant
 21162 | D:10     | This trove needs +4 shadow dragon scales to function. Give
                  | it the item?
 21456 | Lair:6   | Found a viscous altar of Jiyva.
 21458 | Lair:6   | Found a staircase to the Slime Pits.
 21578 | Lair:6   | Reached skill level 13 in Unarmed Combat
 21813 | Lair:6   | Reached skill level 8 in Conjurations
 21813 | Lair:6   | Reached skill level 8 in Hexes
 21813 | Lair:6   | Reached skill level 8 in Necromancy
 21813 | Lair:6   | Reached skill level 8 in Translocations
 21813 | Lair:6   | Reached skill level 8 in Transmutations
 21813 | Lair:6   | Reached skill level 8 in Fire Magic
 21813 | Lair:6   | Reached skill level 8 in Ice Magic
 21813 | Lair:6   | Reached skill level 8 in Air Magic
 21813 | Lair:6   | Reached skill level 8 in Earth Magic
 21813 | Lair:6   | Reached skill level 8 in Poison Magic
 22207 | Orc:1    | Entered Level 1 of the Orcish Mines
 22208 | Orc:1    | Noticed Urug
 22313 | Orc:1    | Killed Urug
 22443 | Orc:2    | Entered Level 2 of the Orcish Mines
 22453 | Orc:2    | Found Jasefusiof's Antique Armour Shoppe.
 23043 | Orc:2    | Found a staircase to the Elven Halls.
 23289 | Orc:2    | Reached skill level 11 in Spellcasting
 23801 | Orc:2    | Reached skill level 11 in Dodging
 23801 | Orc:2    | Reached skill level 11 in Summonings
 23816 | Orc:2    | Offered knowledge of Fireball by Vehumet.
 23817 | Orc:2    | Reached skill level 10 in Fighting
 23817 | Orc:2    | Reached skill level 10 in Short Blades
 23817 | Orc:2    | Reached skill level 10 in Long Blades
 23817 | Orc:2    | Reached skill level 10 in Axes
 23817 | Orc:2    | Reached skill level 10 in Maces & Flails
 23817 | Orc:2    | Reached skill level 10 in Polearms
 23817 | Orc:2    | Reached skill level 10 in Staves
 23817 | Orc:2    | Reached skill level 10 in Ranged Weapons
 23817 | Orc:2    | Reached skill level 10 in Throwing
 23817 | Orc:2    | Reached skill level 10 in Armour
 23817 | Orc:2    | Reached skill level 10 in Shields
 23817 | Orc:2    | Reached skill level 10 in Evocations
 24187 | Orc:2    | HP: 24/110 [orc knight/+0 great sword (28)]
 24190 | Orc:2    | Reached XP level 15. HP: 26/115 MP: 8/30
 24606 | Orc:2    | Reached skill level 11 in Invocations
 24616 | Orc:2    | Found Taxky's Weapon Boutique.
 24641 | Orc:2    | Found Wuass's Antique Armour Shoppe.
 24647 | Orc:2    | Reached skill level 11 in Stealth
 24737 | Orc:2    | Found Goboeso's Armour Shoppe.
 24751 | Orc:2    | Bought a pair of glowing gloves for 232 gold pieces
 24782 | Orc:2    | Found Numih's Jewellery Shoppe.
 24790 | Orc:2    | Reached skill level 14 in Unarmed Combat
 25141 | Orc:2    | Bought a +0 kite shield for 58 gold pieces
 25157 | Orc:2    | Bought a spiked chain mail for 294 gold pieces
 25157 | Orc:2    | Identified the +0 chain mail of Instinct {Harm *Slow SInv}
                  | (You bought it in a shop on level 2 of the Orcish Mines)
 25184 | Orc:2    | Upgraded the game from 0.29-a0-841-g116ddc6ace to
                  | 0.29-a0-845-g6161e89988
 25184 | Orc:2    | magus.rc [v1.9.6]
 25190 | Orc:2    | Learned a level 5 spell: Fireball
 25328 | Spider:1 | Entered Level 1 of the Spider Nest
 26391 | Spider:1 | Noticed Roxanne
 27672 | Spider:1 | Reached skill level 9 in Conjurations
 27672 | Spider:1 | Reached skill level 9 in Hexes
 27672 | Spider:1 | Reached skill level 9 in Necromancy
 27672 | Spider:1 | Reached skill level 9 in Translocations
 27672 | Spider:1 | Reached skill level 9 in Transmutations
 27672 | Spider:1 | Reached skill level 9 in Fire Magic
 27672 | Spider:1 | Reached skill level 9 in Ice Magic
 27672 | Spider:1 | Reached skill level 9 in Air Magic
 27672 | Spider:1 | Reached skill level 9 in Earth Magic
 27672 | Spider:1 | Reached skill level 9 in Poison Magic
 27871 | Spider:1 | Noticed Agnes
 27904 | Spider:1 | Killed Agnes
 28682 | Spider:2 | Offered knowledge of Iron Shot by Vehumet.
 29108 | Spider:2 | Killed a ghost moth
 29425 | Spider:2 | Reached skill level 12 in Spellcasting
 29425 | Spider:2 | Reached XP level 16. HP: 112/124 MP: 12/32
 29534 | Spider:2 | Reached skill level 15 in Unarmed Combat
 29655 | Spider:2 | You pick up a book of Debilitation and begin reading...
 29655 | Spider:2 | You add the spells Slow, Vampiric Draining and Confusing
                  | Touch to your library.
 29699 | Spider:2 | Reached skill level 11 in Fighting
 29699 | Spider:2 | Reached skill level 11 in Short Blades
 29699 | Spider:2 | Reached skill level 11 in Long Blades
 29699 | Spider:2 | Reached skill level 11 in Axes
 29699 | Spider:2 | Reached skill level 11 in Maces & Flails
 29699 | Spider:2 | Reached skill level 11 in Polearms
 29699 | Spider:2 | Reached skill level 11 in Staves
 29699 | Spider:2 | Reached skill level 11 in Ranged Weapons
 29699 | Spider:2 | Reached skill level 11 in Throwing
 29699 | Spider:2 | Reached skill level 11 in Armour
 29699 | Spider:2 | Reached skill level 11 in Shields
 29699 | Spider:2 | Reached skill level 11 in Evocations
 29788 | Spider:2 | Reached skill level 12 in Invocations
 30000 | Spider:2 | Reached skill level 12 in Dodging
 30895 | Spider:3 | Reached skill level 12 in Stealth
 32239 | Spider:3 | Offered knowledge of Lee's Rapid Deconstruction by Vehumet.
 32447 | Spider:4 | Entered Level 4 of the Spider Nest
 32523 | Spider:4 | Reached skill level 12 in Summonings
 33493 | Spider:4 | Learned a level 5 spell: Lee's Rapid Deconstruction
 33529 | Spider:4 | Noticed a Hell Sentinel
 33781 | Swamp:1  | Entered Level 1 of the Swamp
 33797 | Swamp:1  | Reached skill level 16 in Unarmed Combat
 33976 | Swamp:1  | Reached XP level 17. HP: 109/133 MP: 19/33
 34273 | Swamp:1  | Reached skill level 10 in Conjurations
 34273 | Swamp:1  | Reached skill level 10 in Hexes
 34273 | Swamp:1  | Reached skill level 10 in Necromancy
 34273 | Swamp:1  | Reached skill level 10 in Translocations
 34273 | Swamp:1  | Reached skill level 10 in Transmutations
 34273 | Swamp:1  | Reached skill level 10 in Fire Magic
 34273 | Swamp:1  | Reached skill level 10 in Ice Magic
 34273 | Swamp:1  | Reached skill level 10 in Air Magic
 34273 | Swamp:1  | Reached skill level 10 in Earth Magic
 34273 | Swamp:1  | Reached skill level 10 in Poison Magic
 34632 | Swamp:1  | HP: 30/133 [poisoned by a death drake (dark miasma)]
 35272 | Swamp:2  | Reached skill level 13 in Invocations
 35349 | Swamp:2  | Identified the +1 scale mail of Noon {rC+}
 35366 | Swamp:2  | Identified a scroll of acquirement
 35406 | Swamp:2  | Reached skill level 12 in Fighting
 35406 | Swamp:2  | Reached skill level 12 in Short Blades
 35406 | Swamp:2  | Reached skill level 12 in Long Blades
 35406 | Swamp:2  | Reached skill level 12 in Axes
 35406 | Swamp:2  | Reached skill level 12 in Maces & Flails
 35406 | Swamp:2  | Reached skill level 12 in Polearms
 35406 | Swamp:2  | Reached skill level 12 in Staves
 35406 | Swamp:2  | Reached skill level 12 in Ranged Weapons
 35406 | Swamp:2  | Reached skill level 12 in Throwing
 35406 | Swamp:2  | Reached skill level 12 in Armour
 35406 | Swamp:2  | Reached skill level 12 in Shields
 35406 | Swamp:2  | Reached skill level 12 in Evocations
 35577 | Swamp:2  | Reached ****** piety under Vehumet
 35637 | Swamp:2  | Offered knowledge of Ozocubu's Refrigeration by Vehumet.
 35794 | Swamp:2  | Reached skill level 13 in Spellcasting
 36715 | Swamp:3  | Noticed Louise
 36725 | Swamp:3  | Killed Louise
 37132 | Swamp:3  | Reached skill level 13 in Dodging
 37306 | Swamp:3  | Identified the -2 pair of gloves of Undesirable Species
                  | {+Blink Will+}
 37765 | Swamp:4  | Entered Level 4 of the Swamp
 38287 | Swamp:4  | Reached skill level 13 in Stealth
 38412 | Swamp:4  | Noticed Aizul
 38430 | Swamp:4  | Killed Aizul
 38569 | Swamp:4  | Reached skill level 17 in Unarmed Combat
 38594 | Swamp:4  | HP: 22/135 [spore (27)]
 39176 | Swamp:4  | Reached XP level 18. HP: 110/141 MP: 22/35
 39565 | Swamp:3  | You add the spells Conjure Flame, Ignite Poison and Sticky
                  | Flame to your library.
 39942 | Swamp:4  | Identified the +2 chain mail of the Lion {rF+ rC+}
 40458 | Swamp:4  | Found the +1 cloak of Starlight {*Dazzle EV+4 Stlth--}
 40461 | Swamp:4  | You pick up a book of Callings and begin reading...
 40475 | Swamp:4  | Offered knowledge of Yara's Violent Unravelling by Vehumet.
 40531 | Swamp:4  | Got a decaying rune of Zot
 41022 | Spider:3 | Killed a Hell Sentinel
 42761 | Spider:4 | Reached skill level 14 in Invocations
 43335 | Spider:4 | Got a gossamer rune of Zot
 43580 | Elf:1    | Entered Level 1 of the Elven Halls
 43798 | Elf:1    | Reached skill level 11 in Conjurations
 43798 | Elf:1    | Reached skill level 11 in Hexes
 43798 | Elf:1    | Reached skill level 11 in Necromancy
 43798 | Elf:1    | Reached skill level 11 in Translocations
 43798 | Elf:1    | Reached skill level 11 in Transmutations
 43798 | Elf:1    | Reached skill level 11 in Fire Magic
 43798 | Elf:1    | Reached skill level 11 in Ice Magic
 43798 | Elf:1    | Reached skill level 11 in Air Magic
 43798 | Elf:1    | Reached skill level 11 in Earth Magic
 43798 | Elf:1    | Reached skill level 11 in Poison Magic
 43971 | Elf:1    | Reached skill level 13 in Summonings
 44170 | Elf:1    | Reached skill level 13 in Fighting
 44170 | Elf:1    | Reached skill level 13 in Short Blades
 44170 | Elf:1    | Reached skill level 13 in Long Blades
 44170 | Elf:1    | Reached skill level 13 in Axes
 44170 | Elf:1    | Reached skill level 13 in Maces & Flails
 44170 | Elf:1    | Reached skill level 13 in Polearms
 44170 | Elf:1    | Reached skill level 13 in Staves
 44170 | Elf:1    | Reached skill level 13 in Ranged Weapons
 44170 | Elf:1    | Reached skill level 13 in Throwing
 44170 | Elf:1    | Reached skill level 13 in Armour
 44170 | Elf:1    | Reached skill level 13 in Shields
 44170 | Elf:1    | Reached skill level 13 in Evocations
 44245 | Elf:1    | Found Tussi's Weapon Shoppe.
 44301 | Elf:1    | Paralysed by an air elemental for 1 turns
 44729 | Elf:1    | You pick up a book of Debilitation and begin reading...
 44974 | Elf:1    | Identified the +3 swamp dragon scales of Ilitrichiu {rPois
                  | Str+7 Dex+3}
 45033 | Elf:1    | Reached skill level 14 in Spellcasting
 45688 | Elf:2    | Reached skill level 18 in Unarmed Combat
 46022 | Elf:2    | Reached XP level 19. HP: 149/149 MP: 31/37
 46022 | Elf:2    | Found Huubemys's Neck Hole.
 46203 | Elf:2    | Reached skill level 14 in Dodging
 46685 | Elf:2    | Found a runed translucent gate.
 46690 | Elf:2    | Found a runed translucent gate.
 46690 | Elf:2    | Found a runed translucent gate.
 47050 | Elf:2    | Reached skill level 14 in Stealth
 47183 | Elf:2    | Offered knowledge of Ignition by Vehumet.
 47200 | Elf:2    | Learned a level 8 spell: Ignition
 47950 | Elf:3    | Entered Level 3 of the Elven Halls
 48275 | Elf:3    | Identified the ring of Eternal Night {rF+ rN+ Will+ Stlth+}
 48322 | Elf:3    | HP: 31/150 [deep elf annihilator/iron shot (41)]
 48718 | Elf:3    | Identified the +7 great mace "Conservator" {elec, *Noise
                  | rC+ rN+ Str+2}
 49833 | Elf:3    | Found Rynymew's Book Shoppe.
 49838 | Elf:3    | Bought a book of the Wilderness for 456 gold pieces
 49838 | Elf:3    | You pick up a book of the Wilderness and begin reading...
 49838 | Elf:3    | You add the spells Summon Forest, Summon Mana Viper and
                  | Summon Cactus Giant to your library.
 49845 | Elf:3    | Learned a level 6 spell: Summon Cactus Giant
 50044 | Elf:3    | Found an ancient bone altar of Kikubaaqudgha.
 50053 | Elf:3    | You pick up a book of the Tundra and begin reading...
 50053 | Elf:3    | You add the spells Hailstorm, Ice Form and Simulacrum to
                  | your library.
 50119 | Elf:3    | Reached skill level 15 in Invocations
 50128 | Elf:3    | Offered knowledge of Lehudib's Crystal Spear by Vehumet.
 50128 | Elf:3    | Offered knowledge of Polar Vortex by Vehumet.
 50128 | Elf:3    | Offered knowledge of Maxwell's Capacitive Coupling by
                  | Vehumet.
 50156 | Elf:3    | You pick up a book of Weapons and begin reading...
 50156 | Elf:3    | You add the spells Tukima's Dance, Portal Projectile and
                  | Blade Hands to your library.
 50647 | Elf:3    | Reached skill level 19 in Unarmed Combat
 50658 | Elf:3    | Reached XP level 20. HP: 133/157 MP: 28/38
 50911 | Lair:3   | Learned a level 8 spell: Maxwell's Capacitive Coupling
 50924 | Lair:3   | Learned a level 9 spell: Polar Vortex
 51248 | Elf:3    | You pick up a book of the Wilderness and begin reading...
 51250 | Elf:3    | You add the spells Death Channel, Dispersal and Eringya's
                  | Noxious Bog to your library.
 51250 | Elf:3    | Got Sonezen's Advanced Steps in Witchery
 51254 | Elf:3    | Identified the +0 scale mail "Paciog" {Fly}
 51302 | Elf:3    | Identified the +0 hat "Puhet" {Int+9 Dex-2 SInv Stlth-}
 51349 | Elf:3    | Identified the +2 ring mail of Taizxara {Str+4}
 51394 | Elf:3    | Identified the +0 ring mail of Absence {Int+3}
 51397 | Elf:3    | You pick up a book of the Wilderness and begin reading...
 52275 | Slime:1  | Entered Level 1 of the Pits of Slime
 52280 | Lair:6   | Reached skill level 14 in Fighting
 52280 | Lair:6   | Reached skill level 14 in Short Blades
 52280 | Lair:6   | Reached skill level 14 in Long Blades
 52280 | Lair:6   | Reached skill level 14 in Axes
 52280 | Lair:6   | Reached skill level 14 in Maces & Flails
 52280 | Lair:6   | Reached skill level 14 in Polearms
 52280 | Lair:6   | Reached skill level 14 in Staves
 52280 | Lair:6   | Reached skill level 14 in Ranged Weapons
 52280 | Lair:6   | Reached skill level 14 in Throwing
 52280 | Lair:6   | Reached skill level 14 in Armour
 52280 | Lair:6   | Reached skill level 14 in Shields
 52280 | Lair:6   | Reached skill level 14 in Evocations
 52291 | Slime:1  | Gained mutation: Armour fits poorly on your strangely
                  | shaped body. [a shining eye]
 52295 | Slime:1  | Paralysed by a floating eye for 4 turns
 52324 | Lair:6   | Paralysed by a floating eye for 3 turns
 52721 | Lair:6   | HP: 28/159 [rockslime (31)]
 53137 | Slime:1  | Gained mutation: You occasionally shout uncontrollably at
                  | your foes. [a shining eye]
 53272 | Slime:2  | Reached skill level 12 in Conjurations
 53272 | Slime:2  | Reached skill level 12 in Hexes
 53272 | Slime:2  | Reached skill level 12 in Necromancy
 53272 | Slime:2  | Reached skill level 12 in Translocations
 53272 | Slime:2  | Reached skill level 12 in Transmutations
 53272 | Slime:2  | Reached skill level 12 in Fire Magic
 53272 | Slime:2  | Reached skill level 12 in Ice Magic
 53272 | Slime:2  | Reached skill level 12 in Air Magic
 53272 | Slime:2  | Reached skill level 12 in Earth Magic
 53272 | Slime:2  | Reached skill level 12 in Poison Magic
 53825 | Slime:2  | HP: 37/159 [azure jelly (6)]
 53826 | Slime:2  | Reached skill level 15 in Spellcasting
 55489 | Slime:3  | Reached skill level 15 in Dodging
 55662 | Slime:3  | Reached skill level 14 in Summonings
 56529 | Slime:4  | Reached skill level 15 in Stealth
 57187 | Slime:5  | Entered Level 5 of the Pits of Slime
 57328 | Slime:5  | Noticed the Royal Jelly
 57336 | Slime:5  | Killed the Royal Jelly
 57346 | Slime:5  | HP: 18/160 [acid blob (30)]
 57346 | Slime:5  | HP: 8/160 [acid blob/splash of acid (7)]
 57346 | Slime:5  | HP: 3/160 [acid blob/splash of acid (5)]
 57346 | Slime:5  | Killed from afar by an acid blob

Vanquished Creatures
  the Royal Jelly (Slime:5)
  2 deep elf master archers (Elf:3)
  14 acid blobs
  3 deep elf blademasters
  Agnes (Spider:1)
  2 thorn hunters
  10 azure jellies
  5 rockslimes
  3 deep elf sorcerers (Elf:3)
  3 emperor scorpions (Spider:4)
  Aizul (Swamp:4)
  2 deep elf elementalists (Elf:3)
  5 ghost moths
  9 quicksilver oozes
  3 deep elf demonologists (Elf:3)
  3 broodmothers
  6 deep elf annihilators
  2 entropy weavers
  A spark wasp (Spider:4)
  A dire elephant (Lair:6)
  4 eleionomae
  4 bunyips
  9 deep elf death magi
  3 great orbs of eyes
  A fire dragon (Lair:6)
  A shambling mangrove (Swamp:1)
  4 deep elf high priests
  A spriggan air mage (Swamp:3)
  16 hydras
  A radroach (Spider:4)
  2 jorogumos
  A boulder beetle (Spider:2)
  A catoblepas (Lair:6)
  6 two-headed ogres
  17 alligators
  3 death yaks (Lair:6)
  An orc high priest (Orc:2)
  33 dancing weapons
  Urug (Orc:1)
  2 spriggan berserkers (Swamp:3)
  15 deep elf knights
  A death drake (Swamp:1)
  5 pharaoh ants
  5 steelbarb worms
  A sun moth (Spider:3)
  3 goliath frogs
  5 spriggan druids
  15 deep elf archers
  3 bog bodies
  10 orb spiders
  10 swamp dragons
  2 lindwurms (Lair:6)
  11 orc knights
  An oklob plant (Lair:6)
  25 deep elf pyromancers
  6 orc sorcerers (Orc:2)
  3 will-o-the-wisps
  23 wolf spiders
  28 deep elf zephyrmancers
  6 moths of wrath
  2 shining eyes (Slime:1)
  2 manticores (Lair:6)
  9 elephants
  5 black mambas
  An eye of devastation (shapeshifter) (Elf:2)
  7 torpor snails
  11 cane toads
  6 komodo dragons
  7 demonic crawlers
  4 meliai (Spider:4)
  A bloated husk (Swamp:2)
  3 polar bears
  A queen bee (Spider:4)
  A troll (Orc:2)
  18 tarantellas
  7 tyrant leeches
  8 saltlings (Orc:2)
  5 blink frogs (Lair:4)
  18 hornets
  69 slime creatures
  2 dream sheep (Lair:6)
  Grinder (D:4)
  A shadow (D:10)
  28 jumping spiders
  4 water elementals
  24 spriggans
  18 culicivoras
  An air elemental (Elf:1)
  A wraith (D:10)
  7 wyverns
  13 yaks
  3 fire elementals
  4 basilisks
  4 vampire mosquitoes (Swamp:2)
  3 golden eyes
  A steam dragon (D:9)
  14 swamp worms
  52 redbacks
  A warg (Orc:2)
  12 water moccasins
  10 swamp drakes
  12 orc warriors
  3 black bears
  3 ogres (Orc:2)
  A sky beast (D:4)
  11 wolves
  3 centaurs
  3 kobold brigands
  5 earth elementals
  14 bullfrogs
  3 scorpions
  A necrophage (D:6)
  3 wights
  25 killer bees
  A howler monkey (D:6)
  4 crimson imps (D:10)
  8 orc priests
  2 gnoll boudas (D:6)
  A hound (D:6)
  An iguana (D:10)
  4 orc wizards
  7 hell rats
  4 adders
  8 gnolls
  4 river rats (Lair:2)
  2 shadow imps
  A white imp (D:7)
  An ufetubus (D:4)
  33 orcs
  4 endoplasms
  4 giant cockroaches (D:4)
  6 goblins
  4 hobgoblins
  2 jackals (D:5)
  3 quokkas
  3 ball pythons
  A bat (D:1)
  A frilled lizard (D:1)
  21 kobolds
  7 rats
  2 pillars of salt (Orc:2)
981 creatures vanquished.

Vanquished Creatures (collateral kills)
  A Hell Sentinel (Spider:3)
  An acid blob (Slime:4)
  3 azure jellies
  A rockslime (Lair:6)
  3 emperor scorpions
  Louise (Swamp:3)
  A quicksilver ooze (Slime:2)
  An eleionoma (Swamp:2)
  A deep elf demonologist (Elf:3)
  2 hydras
  2 boulder beetles
  An ogre mage (Orc:2)
  2 catoblepae
  A radroach (Spider:2)
  A jorogumo (Spider:3)
  A two-headed ogre (Orc:2)
  An alligator (Swamp:4)
  Amaemon (Lair:2)
  A steelbarb worm (Spider:2)
  3 orb spiders
  A spriggan druid (Swamp:1)
  A bog body (Swamp:1)
  A lindwurm (Lair:6)
  An orc knight (Orc:2)
  A deep elf pyromancer (Elf:3)
  An orc sorcerer (Orc:2)
  A shining eye (Slime:5)
  A will-o-the-wisp (Swamp:3)
  6 wolf spiders (Spider:1)
  2 elephants
  A moth of wrath (Spider:1)
  Maurice (D:8)
  A black mamba (Lair:6)
  A cane toad (Lair:6)
  A torpor snail (Lair:6)
  An orange demon (Lair:2)
  6 komodo dragons
  A demonic crawler (Spider:1)
  A troll (D:10)
  2 hornets (Lair:6)
  3 tyrant leeches
  8 blink frogs (Lair:4)
  2 saltlings (Orc:2)
  16 slime creatures
  3 tarantellas
  8 jumping spiders
  Sigmund (D:5)
  5 culicivoras
  A spriggan (Swamp:1)
  A basilisk (Lair:6)
  9 yaks
  15 redbacks
  5 swamp worms
  2 water moccasins
  A floating eye (Lair:6)
  2 orc warriors
  4 swamp drakes
  Pargi (Sewer)
  A sky beast (D:7)
  4 ogres
  2 wolves (Lair:4)
  5 bullfrogs
  An earth elemental (Elf:1)
  7 wights
  Dowan (D:4)
  4 killer bees
  A howler monkey (D:5)
  3 crimson imps (D:10)
  2 orc priests (Orc:2)
  2 hounds
  2 iguanas
  7 hell rats (Lair:2)
  10 gnolls
  3 adders
  10 river rats (Lair:2)
  2 shadow imps
  4 dart slugs
  15 orcs
  A bat (D:2)
  3 endoplasms
  2 giant cockroaches
  3 goblins
  8 hobgoblins
  3 jackals
  4 quokkas
  3 ball pythons
  3 frilled lizards
  10 kobolds
  3 rats
277 creatures vanquished.

Vanquished Creatures (others)
  An eldritch tentacle (Spider:4)
  Fannar (Lair:2)
  Harold (Lair:2)
  A boulder beetle (Spider:1)
  A two-headed ogre (D:9)
  A radroach (Spider:1)
  A deep elf knight (Elf:2)
  A pharaoh ant (Spider:1)
  2 spriggan druids (Swamp:4)
  2 deep elf pyromancers
  2 wolf spiders
  A torpor snail (Lair:6)
  2 cane toads
  A demonic crawler (Spider:4)
  A meliai (Spider:4)
  A bloated husk (Swamp:4)
  A tyrant leech (Lair:6)
  3 hornets (Lair:6)
  A water elemental (Elf:1)
  3 yaks (Lair:5)
  A redback (Spider:4)
  Duvessa (D:4)
  A swamp drake (Swamp:4)
  3 killer bees (D:8)
  A hell rat (Lair:3)
  An ufetubus (D:7)
  3 bushes
  12 foxfires
  53 fungi
  A pillar of salt (Orc:2)
  96 plants
201 creatures vanquished.

Grand Total: 1459 creatures vanquished

Table legend:
 A = Non-vault XP
 B = Vault XP
 C = Vault XP percentage of total XP
 D = Non-vault monster count
 E = Vault monster count
 F = Vault count percentage of total count
                 A         B        C        D         E       F
            +---------+---------+-------+---------+---------+-------
      Total |  303221 |  183037 |  37.6 |     867 |     408 |  32.0
            +---------+---------+-------+---------+---------+-------
        D:1 |      21 |       0 |   0.0 |      13 |       0 |   0.0
        D:2 |      49 |       0 |   0.0 |      18 |       0 |   0.0
        D:3 |      22 |       0 |   0.0 |      11 |       0 |   0.0
        D:4 |     215 |     723 |  77.1 |      21 |      12 |  36.4
        D:5 |     655 |     239 |  26.7 |      22 |       1 |   4.3
        D:6 |     843 |     100 |  10.6 |      31 |      26 |  45.6
        D:7 |     670 |       0 |   0.0 |      13 |       0 |   0.0
        D:8 |     890 |     462 |  34.2 |      16 |       1 |   5.9
        D:9 |    1663 |       0 |   0.0 |      14 |       0 |   0.0
       D:10 |    2972 |    2428 |  45.0 |      20 |      21 |  51.2
     Lair:1 |    2563 |     924 |  26.5 |      12 |       7 |  36.8
     Lair:2 |    7393 |    5348 |  42.0 |      24 |      46 |  65.7
     Lair:3 |     919 |     533 |  36.7 |       8 |       2 |  20.0
     Lair:4 |    9197 |       0 |   0.0 |      37 |       0 |   0.0
     Lair:5 |    4218 |       0 |   0.0 |      13 |       0 |   0.0
     Lair:6 |   18604 |   18008 |  49.2 |      52 |      40 |  43.5
    Swamp:1 |   18338 |       0 |   0.0 |      34 |       0 |   0.0
    Swamp:2 |   10330 |       0 |   0.0 |      23 |       0 |   0.0
    Swamp:3 |   13117 |    7871 |  37.5 |      26 |      16 |  38.1
    Swamp:4 |   16187 |   20268 |  55.6 |      30 |      35 |  53.8
   Spider:1 |   22561 |    7273 |  24.4 |      67 |      13 |  16.2
   Spider:2 |   19049 |       0 |   0.0 |      48 |       0 |   0.0
   Spider:3 |   17591 |    4874 |  21.7 |      47 |       6 |  11.3
   Spider:4 |   10659 |   23013 |  68.3 |      27 |      65 |  70.7
    Slime:1 |   10279 |       0 |   0.0 |      18 |       0 |   0.0
    Slime:2 |   17956 |       0 |   0.0 |      28 |       0 |   0.0
    Slime:3 |   17829 |       0 |   0.0 |      27 |       0 |   0.0
    Slime:4 |   10802 |       0 |   0.0 |      21 |       0 |   0.0
    Slime:5 |    2142 |   10467 |  83.0 |       2 |       4 |  66.7
      Orc:1 |     801 |     792 |  49.7 |       7 |       1 |  12.5
      Orc:2 |    8312 |   14635 |  63.8 |      43 |      34 |  44.2
      Elf:1 |   17522 |    5632 |  24.3 |      31 |       9 |  22.5
      Elf:2 |   14473 |   28505 |  66.3 |      23 |      37 |  61.7
      Elf:3 |   24379 |   30810 |  55.8 |      40 |      28 |  41.2
      Sewer |       0 |     132 | 100.0 |       0 |       4 | 100.0
            +---------+---------+-------+---------+---------+-------

Illustrated notes

Table legend:
 A = Kills in this place as a percentage of kills in entire the game.
 B = Kills by you in this place as a percentage of kills by you in the entire game.
 C = Kills by friends in this place as a percentage of kills by friends in the entire game.
 D = Other kills in this place as a percentage of other kills in the entire game.
 E = Experience gained in this place as a percentage of experience gained in the entire game.
 F = Experience gained in this place divided by the number of levels of this place that you have seen.
                   A       B       C       D       E      F
               +-------+-------+-------+-------+-------+----------------------
         Total | 100.0 | 100.0 | 100.0 | 100.0 | 100.0 | 13893.1
       Dungeon |  18.8 |  14.4 |  34.5 |  17.6 |   2.5 | 1195.2
          Lair |  18.9 |  15.1 |  29.8 |  38.2 |  13.9 | 11284.5
         Swamp |  12.9 |  15.0 |   5.5 |  11.8 |  17.7 | 21527.8
   Spider Nest |  21.4 |  22.4 |  17.8 |  23.5 |  21.6 | 26255.0
    Slime Pits |   7.8 |   9.0 |   4.7 |   0.0 |  14.3 | 13895.0
  Orcish Mines |   6.7 |   7.2 |   5.5 |   0.0 |   5.0 | 12270.0
   Elven Halls |  13.2 |  16.8 |   1.1 |   8.8 |  24.9 | 40440.3
         Sewer |   0.3 |   0.1 |   1.1 |   0.0 |   0.0 | 132.0
               +-------+-------+-------+-------+-------+----------------------

Table legend: (Time is in decaauts)
 A = Elapsed time spent in this place.
 B = Non-inter-level travel time spent in this place.
 C = Inter-level travel time spent in this place.
 D = Time resting spent in this place.
 E = Time spent auto-exploring this place.
 F = Levels seen in this place.
 G = Mean time per level.
                   A        B        C        D        E       F      G
               +--------+--------+--------+--------+--------+-----+--------+
         Total |  57031 |  53719 |   3312 |  15995 |  26633 |  35 | 1629.5 |
       Dungeon |  11156 |  10141 |   1015 |    791 |   7110 |  10 | 1115.6 |
          Lair |  12530 |  11674 |    856 |   2417 |   7240 |   6 | 2088.3 |
         Swamp |   7196 |   6889 |    307 |   1958 |   3524 |   4 | 1799.0 |
   Spider Nest |  10551 |  10261 |    290 |   5648 |   2269 |   4 | 2637.8 |
    Slime Pits |   4174 |   4013 |    161 |   1914 |   1462 |   5 |  834.8 |
  Orcish Mines |   3128 |   2783 |    345 |    959 |   1191 |   2 | 1564.0 |
   Elven Halls |   7776 |   7440 |    336 |   2011 |   3819 |   3 | 2592.0 |
         Sewer |    519 |    519 |      0 |    297 |     17 |   1 |  519.0 |
               +--------+--------+--------+--------+--------+-----+--------+

Top non-repeatable levels by time:
  Lair:6: 3824 daAuts
  Lair:2: 3685 daAuts
Spider:1: 3405 daAuts
   Elf:2: 3261 daAuts
Spider:2: 2566 daAuts
   Elf:3: 2474 daAuts
Spider:3: 2443 daAuts
   Orc:2: 2370 daAuts
 Swamp:4: 2334 daAuts
 Swamp:3: 2179 daAuts
Spider:4: 2136 daAuts
  Lair:4: 2107 daAuts
   Elf:1: 2040 daAuts
     D:9: 1637 daAuts
 Slime:2: 1526 daAuts
